PAA
HELENA GRIZZLIES @ MERCER ISLAND SCREAMING EAGLES
05/13/2023
 
TOP OF THE 1ST
Helena Grizzlies batting - Pitching for Mercer Island Screaming Eagles : LHP Juan Méndez
Pitching: LHP Juan Méndez
Batting: LHB Tom Cotton 0-0: Ball
1-0: Foul Ball, location: 2F
1-1: SINGLE (Groundball, 5D)
Batting: LHB Eugene Henson 0-0: Ball
1-0: Swinging Strike
1-1: Called Strike
1-2: Grounds into double play, 6-4-3 (Groundball, 6)
Batting: RHB Octávio Zúñiga 0-0: Ball
1-0: Ball
2-0: Foul Ball, location: 2F
2-1: Ball
3-1: Called Strike
3-2: Foul Ball, location: 2F
3-2: SINGLE (Groundball, 3D)
Batting: RHB Chris Woodruff 0-0: Ball
1-0: Ground out U3 (Groundball, 3S)
Top of the 1st over - 0 run(s), 2 hit(s), 0 error(s), 1 left on base; Helena 0 - Mercer Island 0
BOTTOM OF THE 1ST
Mercer Island Screaming Eagles batting - Pitching for Helena Grizzlies : LHP Adrian Neumann
Pitching: LHP Adrian Neumann
Batting: RHB Gabriel Maldonado 0-0: Called Strike
0-1: Ball
1-1: Ball
2-1: Ball
3-1: Ground out 6-3 (Groundball, 6)
Batting: RHB Shawn McCormack 0-0: Ball
1-0: Called Strike
1-1: Ball
2-1: Foul Ball, location: 2F
2-2: Foul Ball, location: 2F
2-2: Ball
3-2: Foul Ball, location: 2F
3-2: Base on Balls
Batting: RHB Paul Campbell 0-0: Called Strike
0-1: Called Strike
0-2: Ball
1-2: Foul Ball, location: 2F
1-2: Ball
2-2: SINGLE (Groundball, 5L)
Shawn McCormack to second
Batting: RHB Luis Antonio Hernández 0-0: Swinging Strike
0-1: Grounds into double play, 6-4-3 (Groundball, 56)
Bottom of the 1st over - 0 run(s), 1 hit(s), 0 error(s), 1 left on base; Helena 0 - Mercer Island 0
TOP OF THE 2ND
Helena Grizzlies batting - Pitching for Mercer Island Screaming Eagles : LHP Juan Méndez
Batting: RHB Jorge Gutiérrez 0-0: Called Strike
0-1: Foul Ball, location: 2F
0-2: Strikes out swinging
Batting: RHB Gaston Waller 0-0: Ball
1-0: Ball
2-0: SINGLE (Groundball, 6M)
Batting: LHB Wilson Horton 0-0: Foul Ball, location: 2F
0-1: Swinging Strike
0-2: Ball
1-2: Strikes out swinging
Batting: RHB Jorge Arreola 0-0: DOUBLE (Line Drive, 7LS)
Gaston Waller to third
Batting: LHB José Ríos 0-0: Ball
1-0: Ball
2-0: Ground out U3 (Groundball, 3)
Top of the 2nd over - 0 run(s), 2 hit(s), 0 error(s), 2 left on base; Helena 0 - Mercer Island 0
BOTTOM OF THE 2ND
Mercer Island Screaming Eagles batting - Pitching for Helena Grizzlies : LHP Adrian Neumann
Batting: SHB Ray Davis 0-0: Fly out, F4 (Line Drive, 4)
Batting: RHB Mike Kelly 0-0: Ball
1-0: Swinging Strike
1-1: Bunt missed!
1-2: Reached on error, E6 (Groundball, 56)
Batting: RHB Gerjan de Best 0-0: Ball
1-0: Ball
2-0: Ball
3-0: Called Strike
3-1: Called Strike
3-2: Fly out, F5 (Popup, 5SF)
Batting: RHB Mario Blanco 0-0: Ball
1-0: Foul Ball, location: 2F
1-1: Ball
2-1: Called Strike
2-2: Foul Ball, location: 2F
2-2: Foul Ball, location: 2F
2-2: Ground out 4-3 (Groundball, 4)
Bottom of the 2nd over - 0 run(s), 0 hit(s), 1 error(s), 1 left on base; Helena 0 - Mercer Island 0
TOP OF THE 3RD
Helena Grizzlies batting - Pitching for Mercer Island Screaming Eagles : LHP Juan Méndez
Batting: LHB Tom Cotton 0-0: Ball
1-0: Swinging Strike
1-1: Ball
2-1: Fly out, F7 (Flyball, 7LS)
Batting: LHB Eugene Henson 0-0: Foul Ball, location: 2F
0-1: Ball
1-1: Foul Ball, location: 2F
1-2: Ball
2-2: Strikes out swinging
Batting: RHB Octávio Zúñiga 0-0: Called Strike
0-1: Foul Ball, location: 2F
0-2: Ball
1-2: Foul Ball, location: 2F
1-2: Ball
2-2: Ball
3-2: Foul Ball, location: 2F
3-2: Foul Ball, location: 2F
3-2: Base on Balls
Batting: RHB Chris Woodruff 0-0: Foul Ball, location: 2F
0-1: Foul Ball, location: 2F
0-2: Fielders Choice at 2nd, U6 (Groundball, 6M)
Top of the 3rd over - 0 run(s), 0 hit(s), 0 error(s), 1 left on base; Helena 0 - Mercer Island 0
BOTTOM OF THE 3RD
Mercer Island Screaming Eagles batting - Pitching for Helena Grizzlies : LHP Adrian Neumann
Batting: RHB Alan Rosales 0-0: Ball
1-0: Foul Ball, location: 2F
1-1: Called Strike
1-2: Fly out, F8 (Flyball, 8LM)
Batting: RHB Gabriel Maldonado 0-0: Ball
1-0: Ball
2-0: Ball
3-0: Base on Balls
Batting: RHB Shawn McCormack 0-0: Swinging Strike
0-1: Ball
1-1: Ball
2-1: Swinging Strike
2-2: Strikes out swinging
Batting: RHB Paul Campbell 0-0: Ball
1-0: Ball
2-0: Fly out, F8 (Flyball, 8RM)
Bottom of the 3rd over - 0 run(s), 0 hit(s), 0 error(s), 1 left on base; Helena 0 - Mercer Island 0
TOP OF THE 4TH
Helena Grizzlies batting - Pitching for Mercer Island Screaming Eagles : LHP Juan Méndez
Batting: RHB Jorge Gutiérrez 0-0: Ball
1-0: Ball
2-0: Ball
3-0: Called Strike
3-1: Foul Ball, location: 2F
3-2: Foul Ball, location: 2F
3-2: Ground out 6-3 (Groundball, 6S)
Batting: RHB Gaston Waller 0-0: Ball
1-0: Ball
2-0: Fly out, F3 (Line Drive, 3)
Batting: LHB Wilson Horton 0-0: Ball
1-0: Ball
2-0: DOUBLE (Groundball, 3L) - OUT at third base trying to stretch hit.
Top of the 4th over - 0 run(s), 1 hit(s), 0 error(s), 0 left on base; Helena 0 - Mercer Island 0
BOTTOM OF THE 4TH
Mercer Island Screaming Eagles batting - Pitching for Helena Grizzlies : LHP Adrian Neumann
Batting: RHB Luis Antonio Hernández 0-0: Ground out 5-3 (Groundball, 56S)
Batting: SHB Ray Davis 0-0: Fly out, F8 (Flyball, 8LXD)
Batting: RHB Mike Kelly 0-0: Ball
1-0: Foul Ball, location: 2F
1-1: Foul Ball, location: 2F
1-2: Fly out, F9 (Flyball, 89M)
Bottom of the 4th over - 0 run(s), 0 hit(s), 0 error(s), 0 left on base; Helena 0 - Mercer Island 0
TOP OF THE 5TH
Helena Grizzlies batting - Pitching for Mercer Island Screaming Eagles : LHP Juan Méndez
Batting: RHB Jorge Arreola 0-0: Ball
1-0: Ball
2-0: Swinging Strike
2-1: Called Strike
2-2: Ball
3-2: Foul Ball, location: 2F
3-2: Foul Ball, location: 2F
3-2: Ground out 6-3 (Groundball, 6)
Batting: LHB José Ríos 0-0: Called Strike
0-1: SINGLE (Groundball, 56)
Batting: LHB Tom Cotton 0-0: SINGLE (Groundball, 56D)
José Ríos to second
Batting: LHB Eugene Henson 0-0: Ball
1-0: Fly out, F8 (Flyball, 8LS)
Batting: RHB Octávio Zúñiga 0-0: Ball
1-0: Called Strike
1-1: Foul Ball, location: 2F
1-2: Foul Ball, location: 2F
1-2: Ball
2-2: Ground out 5-3 (Groundball, 5)
Top of the 5th over - 0 run(s), 2 hit(s), 0 error(s), 2 left on base; Helena 0 - Mercer Island 0
BOTTOM OF THE 5TH
Mercer Island Screaming Eagles batting - Pitching for Helena Grizzlies : LHP Adrian Neumann
Batting: RHB Gerjan de Best 0-0: Swinging Strike
0-1: Called Strike
0-2: Ball
1-2: Ground out 6-3 (Groundball, 6MS)
Batting: RHB Mario Blanco 0-0: Ball
1-0: Ball
2-0: SINGLE (Line Drive, 89S)
Batting: RHB Alan Rosales 0-0: Ball
1-0: Ball
2-0: Grounds into double play, 4-6-3 (Groundball, 34)
Bottom of the 5th over - 0 run(s), 1 hit(s), 0 error(s), 0 left on base; Helena 0 - Mercer Island 0
TOP OF THE 6TH
Helena Grizzlies batting - Pitching for Mercer Island Screaming Eagles : LHP Juan Méndez
Batting: RHB Chris Woodruff 0-0: Called Strike
0-1: Ball
1-1: Ball
2-1: SINGLE (Groundball, 56D) (infield hit)
Pinch Runner at 1st Álex Estrada:
Batting: RHB Jorge Gutiérrez 0-0: Swinging Strike
0-1: Foul Ball, location: 2F
0-2: Ball
1-2: Grounds into double play, 3-6-3 (Groundball, 3)
Batting: RHB Gaston Waller 0-0: Ball
1-0: Fly out, F9 (Flyball, 89M)
Top of the 6th over - 0 run(s), 1 hit(s), 0 error(s), 0 left on base; Helena 0 - Mercer Island 0
BOTTOM OF THE 6TH
Mercer Island Screaming Eagles batting - Pitching for Helena Grizzlies : LHP Adrian Neumann
Now in LF: Álex Estrada
Batting: RHB Gabriel Maldonado 0-0: Called Strike
0-1: Ball
1-1: Ball
2-1: Foul Ball, location: 2F
2-2: SINGLE (Flyball, 7S)
Batting: RHB Shawn McCormack 0-0: Sac Bunt - play at first, batter OUT! 1-4
Gabriel Maldonado to second
Batting: RHB Paul Campbell 0-0: Ground out 6-3 (Groundball, 6M)
Gabriel Maldonado to third
Batting: RHB Luis Antonio Hernández 0-0: Fly out, F9 (Flyball, 89S)
Bottom of the 6th over - 0 run(s), 1 hit(s), 0 error(s), 1 left on base; Helena 0 - Mercer Island 0
TOP OF THE 7TH
Helena Grizzlies batting - Pitching for Mercer Island Screaming Eagles : LHP Juan Méndez
Batting: LHB Wilson Horton 0-0: Hit by Pitch
Pinch Runner at 1st César Muñóz:
Pinch Hitting: RHB Dustin O'Quinlevan 0-0: Sac Bunt - play at first, batter OUT! 3-4
César Muñóz to second
Pinch Hitting: RHB Mario Piña 0-0: Intentional Walk
Pinch Hitting: RHB Curt Pope 0-0: Fielders Choice at 2nd, 1-6 (Groundball, 13)
César Muñóz to third
Pinch Hitting: RHB Keith Newbold 0-0: Foul Ball, location: 2F
0-1: Ball
1-1: Ball
2-1: DOUBLE (Line Drive, 9LM)
César Muñóz scores
Curt Pope to third
Runner from 3rd tries for Home, SAFE, no throw or cutoff
Batting: RHB Octávio Zúñiga 0-0: Intentional Walk
Pitching: RHP Pedro Álvarez
Batting: RHB Álex Estrada 0-0: Ball
1-0: Ball
2-0: SINGLE (Line Drive, 89S)
Keith Newbold to third
Octávio Zúñiga to second
Runner from 3rd tries for Home, SAFE, throw made home
Octávio Zúñiga to third
Álex Estrada to second
Batting: RHB Jorge Gutiérrez 0-0: Foul Ball, location: 2F
0-1: Reached on error, E1 (Groundball, 13S)
Octávio Zúñiga scores
Álex Estrada scores
Batting: RHB Gaston Waller 0-0: Fly out, F4 (Popup, 4MD)
Top of the 7th over - 5 run(s), 2 hit(s), 1 error(s), 1 left on base; Helena 5 - Mercer Island 0
BOTTOM OF THE 7TH
Mercer Island Screaming Eagles batting - Pitching for Helena Grizzlies : LHP Adrian Neumann
Now at 2B: Mario Piña
Now at SS: Dustin O'Quinlevan
Now in LF: Keith Newbold
Now in CF: Curt Pope
Batting: SHB Ray Davis 0-0: Called Strike
0-1: Ball
1-1: Ball
2-1: SOLO HOME RUN (Flyball, 7LD), Distance : 353 ft
Batting: RHB Mike Kelly 0-0: Called Strike
0-1: Ball
1-1: Ball
2-1: Ball
3-1: Foul Ball, location: 2F
3-2: Foul Ball, location: 2F
3-2: Ground out 6-3 (Groundball, 6)
Batting: RHB Gerjan de Best 0-0: Called Strike
0-1: Fly out, F2 (Popup, 25F)
Batting: RHB Mario Blanco 0-0: Called Strike
0-1: Ball
1-1: Ball
2-1: Ball
3-1: Foul Ball, location: 2F
3-2: DOUBLE (Line Drive, 7LS)
Batting: RHB Alan Rosales 0-0: Ground out 5-3 (Groundball, 56)
Bottom of the 7th over - 1 run(s), 2 hit(s), 0 error(s), 1 left on base; Helena 5 - Mercer Island 1
TOP OF THE 8TH
Helena Grizzlies batting - Pitching for Mercer Island Screaming Eagles : RHP Pedro Álvarez
Batting: LHB César Muñóz 0-0: Called Strike
0-1: Ball
1-1: Fly out, F9 (Flyball, 89D)
Batting: RHB Dustin O'Quinlevan 0-0: Ball
1-0: Ball
2-0: Ground out 6-3 (Groundball, 6)
Batting: RHB Mario Piña 0-0: Ball
1-0: Called Strike
1-1: Swinging Strike
1-2: Strikes out swinging
Top of the 8th over - 0 run(s), 0 hit(s), 0 error(s), 0 left on base; Helena 5 - Mercer Island 1
BOTTOM OF THE 8TH
Mercer Island Screaming Eagles batting - Pitching for Helena Grizzlies : LHP Adrian Neumann
Batting: RHB Gabriel Maldonado 0-0: Called Strike
0-1: Foul Ball, location: 2F
0-2: SINGLE (Line Drive, 9S)
Pitching: LHP Gian Turicchia
Batting: RHB Shawn McCormack 0-0: Ball
1-0: Ball
2-0: Ball
3-0: Called Strike
3-1: Foul Ball, location: 2F
3-2: Foul Ball, location: 2F
3-2: Base on Balls
Gabriel Maldonado to second
Pitching: RHP Manuel Pader
Batting: RHB Paul Campbell 0-0: Ball
1-0: Foul Ball, location: 2F
1-1: Called Strike
1-2: Ball
2-2: Foul Ball, location: 2F
2-2: Ball
3-2: Foul Ball, location: 2F
3-2: Base on Balls
Gabriel Maldonado to third
Shawn McCormack to second
Batting: RHB Luis Antonio Hernández 0-0: Ball
1-0: Ball
2-0: Grounds into double play, 6-4-3 (Groundball, 6)
Gabriel Maldonado scores
Shawn McCormack to third
Batting: SHB Ray Davis 0-0: SINGLE (Groundball, 56D)
Shawn McCormack scores
Batting: RHB Mike Kelly 0-0: Ball
1-0: SINGLE (Flyball, 8LS)
Ray Davis to second
Pinch Hitting: RHB Jason Ruffin 0-0: Ball
1-0: Ball
2-0: Ball
3-0: Base on Balls
Ray Davis to third
Mike Kelly to second
Pinch Hitting: LHB Tomás Mejía 0-0: Fly out, F7 (Flyball, 7LS)
Bottom of the 8th over - 2 run(s), 3 hit(s), 0 error(s), 3 left on base; Helena 5 - Mercer Island 3
TOP OF THE 9TH
Helena Grizzlies batting - Pitching for Mercer Island Screaming Eagles : RHP Pedro Álvarez
Now at 3B: Juan Alba
Now at SS: Nelson Plasenia
Batting: RHB Curt Pope 0-0: Fly out, F9 (Flyball, 9M)
Batting: RHB Keith Newbold 0-0: Ball
1-0: SINGLE (Line Drive, 5D)
Batting: RHB Octávio Zúñiga 0-0: Ball
1-0: Ball
2-0: Called Strike
2-1: Foul Ball, location: 2F
2-2: Ball
3-2: Fly out, F8 (Flyball, 8RD)
Batting: RHB Álex Estrada 0-0: Ball
1-0: Ball
2-0: Foul Ball, location: 2F
2-1: Swinging Strike
2-2: Foul Ball, location: 2F
2-2: SINGLE (Line Drive, 89S)
Keith Newbold to second
Keith Newbold to third
Pinch Hitting: LHB Miguel Zúñiga 0-0: Called Strike
0-1: Ball
1-1: Ball
2-1: Ball
3-1: Ground out 5-3 (Groundball, 56S)
Top of the 9th over - 0 run(s), 2 hit(s), 0 error(s), 2 left on base; Helena 5 - Mercer Island 3
BOTTOM OF THE 9TH
Mercer Island Screaming Eagles batting - Pitching for Helena Grizzlies : RHP Manuel Pader
Pitching: RHP Jim Unknown
Now at C: Miguel Zúñiga
Batting: RHB Alan Rosales 0-0: Ball
1-0: Called Strike
1-1: Hit by Pitch
Batting: RHB Gabriel Maldonado 0-0: Ball
1-0: Ball
2-0: Foul Ball, location: 2F
2-1: Reached on error, E5 (Groundball, 5)
Alan Rosales to second
Batting: RHB Shawn McCormack 0-0: Ball
1-0: Sac Bunt - play at first, batter OUT! 2-4
Alan Rosales to third
Gabriel Maldonado to second
Batting: RHB Paul Campbell 0-0: 3-RUN HOME RUN (Flyball, 7LD), Distance : 360 ft
This league is powered by Out of the Park Baseball, the baseball management simulation game for PC, Mac and Linux
Friday, July 8th, 2016 - OOTP Baseball 16.9 Build 39